 Dungeon Crawl Stone Soup version 0.31-a0-845-g9abc20d24f (webtiles) character file.

Game seed: 10637722904158892941

50 Turgor the Changeling (level 3, -1/27 HPs)
             Began as a Barachi Shapeshifter on Oct 2, 2023.
             Was a Follower of Nemelex Xobeh.
             Slain by a cerulean imp
             ... wielding a +0 spear
             ... summoned by Natasha
              (3 damage)
             ... on level 2 of the Dungeon.
             The game lasted 00:06:15 (1242 turns).

Turgor the Changeling (Barachi Shapeshifter)        Turns: 1242, Time: 00:06:17

Health: -1/27      AC:  2    Str: 15    XL:     3   Next: 79%
Magic:  3/3        EV: 12    Int: 12    God:    Nemelex Xobeh [*.....]
Gold:   40         SH:  0    Dex: 11    Spells: 2/2 levels left

rFire   . .          .
                       - Unarmed
rCold   . . .        (no shield)
rNeg    . . .        a - +0 animal skin
rPois   .            (helmet currently unavailable)
rElec   .            (cloak currently unavailable)
rCorr   +            (gloves currently unavailable)
SInv    .            (boots currently unavailable)
Will    .....        (no amulet)
Stlth   +            e - ring of resist corrosion
HPRegen 0.24/turn    (no ring)
MPRegen 0.08/turn

%: no passive effects
@: beast-form, slow
A: beast (slay +2), amphibious, slowness 1, strong legs 1, +LOS
a: Hop, Begin Untransformation, Renounce Religion, Draw Escape, Draw
Destruction, Draw Summoning


You were on level 2 of the Dungeon.
You worshipped Nemelex Xobeh.
Nemelex Xobeh was aware of your devotion.
You were a hulking beast.
You visited 1 branch of the dungeon, and saw 2 of its levels.

You collected 40 gold pieces.

Inventory:

Armour
 a - a +0 animal skin (worn)
Jewellery
 e - a ring of resist corrosion (left hand)
Talismans
 c - a beast talisman (active)
 d - a flux talisman
 k - a maw talisman
Scrolls
 g - a scroll of blinking {unknown}
 h - a scroll of enchant weapon {unknown}
 j - a scroll of identify {unknown}
 l - a scroll of teleportation {unknown}
Potions
 b - 2 potions of lignification
 f - a potion of mutation {unknown}
 i - a potion of haste {unknown}


   Skills:
 + Level 2.1 Fighting
 + Level 2.7 Dodging
 + Level 3.7 Unarmed Combat
 * Level 4.0 Shapeshifting


You had 2 spell levels left.
You didn't know any spells.
Your spell library was empty.

Dungeon Overview and Level Annotations

Branches:
Dungeon (2/15)

Altars:
Nemelex Xobeh

Annotations:
D:2 Natasha


Innate Abilities, Weirdness & Mutations

You are a hulking beast.
Your limbs bulge with bestial killing power. (Slay +2)
You are amphibious.
You cover ground slowly.
You can hop short distances.
You have an extended range of vision and can be seen from far away.


Message History

There is an open door here.
The helpless ball python fails to defend itself.
You hit the ball python.
The ball python is moderately wounded.
The ball python closely misses you. The ball python grabs you.
The ball python constricts you. The ball python bites you.
The ball python constricts you.
You hit the ball python.
You kill the ball python!
Your Shapeshifting skill increases to level 4!
You open the door.
Natasha, Servant of Life and Death comes into view.
Found a scroll labelled PYCZEM TAKLUUH.
Natasha casts a spell.
There is an open door here.
Natasha barely misses you.
The cerulean imp hits you from afar with a +0 spear.
You barely miss Natasha. Natasha closely misses you.
The cerulean imp misses you.
You hit Natasha.
Natasha is moderately wounded.
Natasha casts a spell.
The cerulean imp closely misses you.
You barely miss Natasha.
Natasha is moderately wounded.
Natasha claws you. The cerulean imp closely misses you. x2
You closely miss Natasha.
Natasha is moderately wounded.
Natasha claws you!
The cerulean imp hits you but does no damage.
The cerulean imp hits you with a +1 spear.
* * * LOW HITPOINT WARNING * * *
You closely miss Natasha.
Natasha is moderately wounded.
Natasha casts a spell.
The cerulean imp hits you with a +1 spear.
* * * LOW HITPOINT WARNING * * *
The cerulean imp hits you from afar with a +0 spear.
You die...
Your body disappears without a glow.

.......# ...# .......#
....# #......# #. ....#
#......# #.. .....#
#......### #.. .....#
#........####.. ......
####..........####...####
...#.....................
...#.....#.....#hh.......
.(.............5.5.......
........##.....#.5.......
###.....##.....#.....#...
........#.....###....(...
.###.#+##.....'.......#..
.....#.##.....#†......# .
..##...##.......#.....#
..##...######..##.....#


You could see Natasha and 3 cerulean imps.

Vanquished Creatures
  An adder (D:2)
  2 endoplasms (D:1)
  A giant cockroach (D:2)
  2 goblins (D:1)
  4 hobgoblins
  8 jackals (D:1)
  A quokka (D:1)
  4 ball pythons
  3 bats
  3 frilled lizards
  4 kobolds (D:1)
  4 rats
37 creatures vanquished.

Notes
Turn   | Place    | Note
-------+----------+-------------------------------------------
     0 | D:1      | Turgor the Barachi Shapeshifter began the quest for the
                  | Orb.
     0 | D:1      | Reached XP level 1. HP: 15/15 MP: 1/1
   252 | D:1      | Reached XP level 2. HP: 21/21 MP: 2/2
   719 | D:1      | Reached XP level 3. HP: 18/27 MP: 3/3
   886 | D:1      | Found a faded altar of an unknown god.
   895 | D:1      | Prayed at the altar of an unknown god.
   895 | D:1      | Became a worshipper of Nemelex Xobeh the Trickster
   895 | D:1      | Reached * piety under Nemelex Xobeh
  1007 | D:1      | Received a gift from Nemelex Xobeh
  1234 | D:2      | Reached skill level 4 in Shapeshifting
  1235 | D:2      | Noticed Natasha
  1242 | D:2      | Slain by a cerulean imp

Illustrated notes

Levels and vault maps discovered:
D:1:      shiori_shiawase, layout_basic, hellmonk_ecumenical_altar_prayer_group
D:2:      layout_basic, uniq_natasha

Skill      XL: |  1  2  3 |
---------------+----------+-----
Fighting       | 2 |  2.1
Shapeshifting  | 4 |  4.0
Dodging        | |  2.7
Unarmed Combat | |  3.7

Action                     || total
---------------------------++-------
  Melee: Unarmed           ||    97
         Punch             ||     4
Ability: Hop               ||     1
   Stab: Sleeping          ||     1
 Armour: Animal skin       ||    63
  Dodge: Dodged            ||    52

Table legend: (Time is in decaauts)
 A = Elapsed time spent in this place.
 B = Non-inter-level travel time spent in this place.
 C = Inter-level travel time spent in this place.
 D = Time resting spent in this place.
 E = Time spent auto-exploring this place.
 F = Levels seen in this place.
 G = Mean time per level.
                   A        B        C        D        E       F      G
               +--------+--------+--------+--------+--------+-----+--------+
         Total |   1406 |   1394 |     12 |     79 |   1057 |   2 |  703.0 |
       Dungeon |   1406 |   1394 |     12 |     79 |   1057 |   2 |  703.0 |
               +--------+--------+--------+--------+--------+-----+--------+

Top non-repeatable levels by time:
     D:1: 1187 daAuts
     D:2: 219 daAuts
